 Dungeon Crawl Stone Soup version 0.26-a0-543-ge420d365 (webtiles) character file.

Game seed: 6583725928767312093

102 GAdmiralThrawn the Chopper (level 4, -6/61 HPs)
             Began as a Hill Orc Abyssal Knight on Aug 19, 2020.
             Was a Follower of Lugonu.
             Mangled by Robin
             ... wielding a +3 spear of distortion
              (14 damage)
             ... on level 2 of the Dungeon.
             The game lasted 00:07:32 (2839 turns).

GAdmiralThrawn the Chopper (HOAK)                   Turns: 2839, Time: 00:07:32

Health: -6/61      AC: 22    Str: 15    XL:     4   Next: 77%
Magic:  6/6        EV:  2    Int: 12    God:    Lugonu [*.....]
Gold:   174        SH:  0    Dex: 10    Spells: 3/3 levels left

rFire    . . .     SeeInvis .   a - +1 hand axe
rCold    . . .     Faith    .   (no shield)
rNeg     + + +     Spirit   .   (armour currently unavailable)
rPois    +         Reflect  .   (helmet currently unavailable)
rElec    .         Harm     .   (cloak currently unavailable)
rCorr    .         NoTele   +   (gloves currently unavailable)
MR       .....                  (boots currently unavailable)
Stlth    ..........             (no amulet)
HPRegen  0.20/turn              c - ring of attention (curse)
MPRegen  0.10/turn              (no ring)

@: tree-form
A: no striking features
a: Depart the Abyss, Renounce Religion


You were on level 2 of the Dungeon.
You worshipped Lugonu.
Lugonu was aware of your devotion.
You were a tree.
You visited 1 branch of the dungeon, and saw 2 of its levels.
You visited the Abyss 2 times.

You collected 174 gold pieces.

Inventory:

Hand Weapons
 a - a +1 hand axe (weapon)
Armour
 b - a +0 leather armour
 g - a +0 pair of gloves (melded)
 k - a +0 scale mail (melded)
Jewellery
 c - a cursed ring of attention (left branch)
Scrolls
 d - a scroll of random uselessness {unknown}
 e - 4 scrolls of teleportation {unknown}
 h - a scroll of fog {unknown}
 i - a scroll of enchant armour {unknown}
 l - 4 scrolls of identify {unknown}
 n - a scroll of fear {unknown}
Potions
 f - a potion of stabbing {unknown}
 j - a potion of heal wounds {unknown}
 m - 3 potions of brilliance


   Skills:
 + Level 4.4 Fighting
 * Level 4.9 Axes
 - Level 2.1 Armour
 - Level 0.7 Dodging
 + Level 3.7 Invocations


You had 3 spell levels left.
You didn't know any spells.
Your spell library was empty.

Dungeon Overview and Level Annotations

Branches:
Dungeon (2/15)

Altars:

Annotations:
D:2 Robin


Message History

You cannot move.
Unknown command.
You pass through the gate.
Welcome back to the Dungeon!
Level annotation: Robin Robin hits you but does no damage. x2
Robin hits you but does no damage. Space bends around you.
Robin hits you but does no damage. You resist the pull of the Abyss.
Robin hits you but does no damage. Space warps horribly around you!
Robin hits you but does no damage. Robin hits you but does no damage.
Space bends around you. Robin barely misses you.
Robin hits you but does no damage. You resist the pull of the Abyss.
Robin hits you but does no damage. You resist the pull of the Abyss.
Robin hits you but does no damage. You resist the pull of the Abyss.
Robin hits you from afar with a +3 spear of distortion.
Space warps horribly around you!
* * * LOW HITPOINT WARNING * * *
Robin hits you but does no damage. Space warps horribly around you!
You die...

#......# #.......#########
#......# #######.......#########
#......# #......................
.......# #......(.............#.
.......####............>.......#.
...............................#.
..............######...........#.
.##...........######...........#.
.'[...........g.♣..'.............
.##...........###.##.........####
.##...........# #.##.........# #
.##....)......# #.##.........# #
.#######'########.##.........# #
.# #..........####.......# # .#
##.........# #.......# # .#
#.........# #.......# ##
#.........# #.......#


You could see Robin.

Vanquished Creatures
  4 adders
  An ooze (D:1)
  A worm (D:2)
  4 bats
  6 giant cockroaches
  12 goblins
  11 hobgoblins
  6 jackals (D:2)
  A kobold (D:2)
  A ball python (D:1)
  A frilled lizard (D:1)
  5 rats
53 creatures vanquished.

Notes
Turn   | Place    | Note
-------+----------+-------------------------------------------
     0 | Abyss:1  | GAdmiralThrawn the Hill Orc Abyssal Knight began the quest
                  | for the Orb.
     0 | Abyss:1  | Reached XP level 1. HP: 19/19 MP: 2/2
    47 | Abyss:1  | Noticed a small abomination
    47 | Abyss:1  | Noticed a raiju
    48 | D:1      | Escaped the Abyss
   276 | D:1      | Reached XP level 2. HP: 27/27 MP: 4/4
   320 | D:1      | Reached * piety under Lugonu
   855 | D:2      | Noticed Robin
   858 | D:2      | Reached XP level 3. HP: 33/33 MP: 5/5
  1591 | D:2      | Reached XP level 4. HP: 23/40 MP: 6/6
  2468 | D:1      | Reached ** piety under Lugonu
  2827 | D:2      | Cast into level 1 of the Abyss (Robin)
  2828 | D:2      | Escaped the Abyss
  2839 | D:2      | Mangled by Robin

Illustrated notes

Levels and vault maps discovered:
D:1:      roderic_crossed_star, layout_basic
D:2:      layout_basic, uniq_robin

Skill      XL: |  1  2  3 |
---------------+----------+-----
Axes           | 3 4 |  4.9
Invocations    | 3 |  3.7
Fighting       | 4 |  4.4
Armour         | |  2.1
Dodging        | |  0.7

Action                   |  1- 3 |  4- 6 || total
-------------------------+-------+-------++-------
Melee: Hand axe          |   117 |    63 ||   180
Invok: Depart the Abyss  |     1 |     1 ||     2
  Use: Potion            |       |     2 ||     2
Armor: Leather armour    |     9 |       ||     9
       Scale mail        |    44 |    40 ||    84
       Skin              |       |    15 ||    15
Dodge: Dodged            |    64 |    31 ||    95

Table legend: (Time is in decaauts)
 A = Elapsed time spent in this place.
 B = Non-inter-level travel time spent in this place.
 C = Inter-level travel time spent in this place.
 D = Time resting spent in this place.
 E = Time spent auto-exploring this place.
 F = Levels seen in this place.
 G = Mean time per level.
                   A        B        C        D        E       F      G
               +--------+--------+--------+--------+--------+-----+--------+
         Total |   2861 |   2625 |    236 |    977 |    946 |   4 |  715.2 |
       Dungeon |   2812 |   2576 |    236 |    977 |    901 |   2 | 1406.0 |
         Abyss |     48 |     48 |      0 |      0 |     45 |   2 |   24.0 |
               +--------+--------+--------+--------+--------+-----+--------+

Top non-repeatable levels by time:
     D:1: 1622 daAuts
     D:2: 1190 daAuts
 Abyss:1: 48 daAuts
